AoeStats
← leyo42

Arabian Desert

510370982Analyzed
1v1 RM · 2d ago on Sep 30, 2026· 57m 9s· 2 players
Game mode
Random Map
Map size
Tiny (2 player)
Population
200
Speed
Normal
Resources
Standard
Victory
Conquest
Starting age
Dark Age
Ending age
Imperial Age
RankedLock teamsTeams togetherTeam positionsShared explorationLock speedFull tech treeHidden civsTurbo modeCheats
Victory
Defeat
🇨🇭 Spanish · Switzerland
1237
+16
🇫🇷 Japanese · France
1244
-16
DonTune
8:01 Loom
10:15 Feudal Age
12:02 Double-Bit Axe
12:50 Horse Collar
19:41 Castle Age
18:43 Forging
18:39 Scale Barding Armor
18:48 Gold Mining
19:41 Bloodlines
21:01 Thumb Ring
22:08 Bow Saw
22:53 Chain Barding Armor
24:45 Husbandry
26:35 Wheelbarrow
25:46 Town Watch
26:59 Fletching
28:38 Stone Mining
30:24 Hand Cart
30:26 Padded Archer Armor
30:46 Heavy Plow
31:10 Bodkin Arrow
34:34 Ballistics
34:25 Masonry
39:08 Imperial Age
40:29 Stone Shaft Mining
39:21 Heavy Mounted Crossbowman
40:04 Bracer
40:21 Leather Archer Armor
39:37 Cavalier
40:54 Plate Barding Armor
40:55 Iron Casting
41:10 Hoardings
41:24 Conscription
41:35 Supremacy
40:48 Elite Skirmisher
42:23 Inquisition
42:43 Block Printing
42:41 Redemption
43:09 Theocracy
43:27 Ring Archer Armor
42:45 Paladin
45:13 Blast Furnace
45:29 Illumination
45:01 Onager
45:16 Light Cavalry
46:35 Architecture
47:06 Chemistry
52:19 Hussar
leyo42
7:22 Loom
9:38 Feudal Age
9:46 Man-at-Arms
10:28 Double-Bit Axe
19:07 Castle Age
18:37 Wheelbarrow
18:00 Fletching
18:38 Padded Archer Armor
18:29 Horse Collar
19:38 Crossbowman
22:33 Hand Cart
22:05 Town Watch
26:08 Bodkin Arrow
31:36 Town Patrol
35:45 Bow Saw
36:59 Ballistics
40:41 Imperial Age
38:09 Murder Holes
39:16 Thumb Ring
40:27 Heavy Plow
40:20 Gold Mining
40:48 Leather Archer Armor
41:22 Bracer
42:27 Chemistry
41:07 Arbalester
43:07 Pikeman
44:07 Squires
44:19 Forging
44:40 Ring Archer Armor
46:59 Two-Man Saw
47:33 Bloodlines
47:26 Light Cavalry
48:58 Iron Casting
47:48 Halberdier
51:58 Blast Furnace
51:04 Scale Barding Armor
51:05 Cavalier
Connection lost

Rejoining the realm…

Still unreachable

The connection could not be restored.

Session expired

The server has moved on; the page needs a fresh start.